 Dungeon Crawl Stone Soup version 0.17.0-56-gd8de76c (webtiles) character file.

74 gorblad the Sneak (level 4, -6/42 HPs)
             Began as a Troll Assassin on Dec 5, 2015.
             Mangled by Denapoli's ghost (8 damage)
             ... on level 3 of the Dungeon.
             The game lasted 00:04:25 (1822 turns).

gorblad the Sneak (Troll Assassin)                  Turns: 1822, Time: 00:04:26

Health: -6/42      AC:  6    Str: 24    XL:     4   Next: 10%
Magic:  3/3        EV:  9    Int:  7    God:
Gold:   155        SH:  0    Dex: 12    Spells: 0 memorised, 3 levels left

rFire  . . .     SeeInvis .       - Unarmed
rCold  . . .     Clarity  .     c - +0 robe
rNeg   . . .     SustAt   .     (no shield)
rPois  .         Gourm    +     (helmet restricted)
rElec  .         Spirit   .     d - +0 cloak
rCorr  .         Warding  .     (gloves unavailable)
rMut   .         Stasis   .     (boots unavailable)
MR     .....                    (no amulet)
Stlth  ++........               (no ring)
                                (no ring)

@: mighty, lethally poisoned (-6 -> -6), not resistant to hostile enchantments,
unstealthy
A: unfitting armour, claws 3, fast metabolism 3, gourmand, regeneration 2,
shaggy fur 1, tough skin 2
a: no special abilities


You were on level 3 of the Dungeon.
You were completely stuffed.

You visited 1 branch of the dungeon, and saw 3 of its levels.

You collected 155 gold pieces.

Inventory:

Hand Weapons
 a - a +2 dagger
 b - a +0 blowgun
Missiles
 e - 26 poisoned needles
 f - 2 curare-tipped needles
 h - 6 needles of confusion
Armour
 c - a +0 robe (worn)
 d - a +0 cloak (worn)
Jewellery
 n - an uncursed ring of fire {unknown}
Wands
 y - a wand of flame (34)
Scrolls
 i - 2 scrolls of amnesia
 j - a scroll of magic mapping
 k - 4 scrolls of remove curse
 s - 2 scrolls of teleportation {unknown}
 w - a scroll of immolation {unknown}
Potions
 l - a potion of lignification {unknown}
 t - a potion of poison
 v - a potion of resistance {unknown}
 x - a potion of brilliance {unknown}
Comestibles
 g - 4 bread rations
 m - a royal jelly
 p - a slice of pizza
 q - a meat ration
 u - 2 beef jerkies


   Skills:
 + Level 2.0 Fighting
 - Level 1.5 Short Blades
 - Level 1.7 Throwing
 + Level 1.2 Dodging
 + Level 3.1 Stealth
 * Level 1.6 Unarmed Combat


You had 3 spell levels left.
You didn't know any spells.

Dungeon Overview and Level Annotations

Branches:
Dungeon (3/15)

Altars:

Annotations:
D:3 Denapoli's ghost, amateur HOFi


Innate Abilities, Weirdness & Mutations

You are too large for most types of armour.
You have claws for hands.
Your metabolism is lightning-fast.
You like to eat raw meat.
You heal very quickly.
You are covered in fur (AC +1).
You have very tough skin (AC +2).


Message History

Denapoli's ghost is moderately damaged.
Denapoli's ghost hits you!
* * * LOW HITPOINT WARNING * * *
You are too injured to fight recklessly!
You are too injured to fight recklessly!
Drink which item? (? for menu, Esc to quit)
It was a potion of poison.
That liquid tasted very nasty...
You are poisoned.
You feel sick. Denapoli's ghost hits you!
* * * LOW HITPOINT WARNING * * *
Drink which item? (? for menu, Esc to quit)
It was a potion of might.
You feel very mighty all of a sudden.
You feel sick. Denapoli's ghost barely misses you.
Drink which item? (? for menu, Esc to quit)
Okay, then.
You scratch Denapoli's ghost but do no damage.
Denapoli's ghost is moderately damaged.
You feel sick. Denapoli's ghost hits you!
You die...

## ##### #####
#...###### ....#
#[.......# .#..#
#...####.#
.#..######.## #.#
.#.........# #@#
##.##########...W..#
...# #.##.#.# ####
######## #.#.# #
#.....# #.# # #
####.....# #.#
###.>......# #.#
..#.##.....# ...
#.#.##.....#


You could see Denapoli's ghost.

Vanquished Creatures
  Jessica (D:3)
  An ooze (D:1)
  A giant gecko (D:3)
  3 giant cockroaches
  4 hobgoblins
  2 quokkas
  A ball python (D:3)
  5 bats
  4 giant newts
  5 goblins
  4 jackals
  6 kobolds
  6 rats
43 creatures vanquished.

Notes
Turn   | Place    | Note
--------------------------------------------------------------
     0 | D:1      | gorblad the Troll Assassin began the quest for the Orb.
     0 | D:1      | Reached XP level 1. HP: 19/19 MP: 0/0
   202 | D:1      | Reached XP level 2. HP: 22/27 MP: 1/1
   393 | D:1      | Reached skill level 1 in Dodging
  1030 | D:2      | Reached skill level 1 in Unarmed Combat
  1050 | D:2      | Reached XP level 3. HP: 35/35 MP: 2/2
  1554 | D:3      | Noticed Jessica
  1562 | D:3      | Killed Jessica
  1562 | D:3      | Reached skill level 3 in Stealth
  1562 | D:3      | Reached XP level 4. HP: 33/42 MP: 3/3
  1811 | D:3      | Noticed Denapoli's ghost (amateur HOFi)
  1822 | D:3      | HP: 2/42 [poison (a potion of poison)]
  1822 | D:3      | Mangled by Denapoli's ghost

Action                   |  1- 3 |  4- 6 || total
-------------------------+-------+-------++-------
Melee: Unarmed           |   113 |    24 ||   137
  Use: Scroll            |     5 |       ||     5
       Potion            |       |     2 ||     2
 Stab: Sleeping          |     6 |     2 ||     8
  Eat: Chunk             |    20 |     2 ||    22
